 Dungeon Crawl Stone Soup version 0.26.1-10-gdfb7c7de75 (webtiles) character file.

Game seed: 12011020013496672158

3928 sankara the Grappler (level 10, 0/84 HPs)
             Began as a Minotaur Transmuter on Apr 3, 2021.
             Was a Priest of Okawaru.
             Slain by a black bear (9 damage)
             ... on level 8 of the Dungeon.
             The game lasted 00:33:22 (10582 turns).

sankara the Grappler (Minotaur Transmuter)         Turns: 10582, Time: 00:33:23

Health: 0/84       AC: 12    Str: 22    XL:     10   Next: 1%
Magic:  6/11       EV: 14    Int: 10    God:    Okawaru [***...]
Gold:   168        SH:  0    Dex: 13    Spells: 1/12 levels left

rFire    . . .     SeeInvis .     - Unarmed
rCold    . . .     Faith    +   (no shield)
rNeg     + . .     Spirit   .   N - +3 steam dragon scales
rPois    .         Reflect  .   n - +1 hat
rElec    .         Harm     .   l - +0 cloak
rCorr    .         Rampage  .   (no gloves)
Will     .....                  G - +0 pair of boots
Stlth    +.........             C - amulet of faith
HPRegen  0.24/turn              d - +6 ring of strength
MPRegen  0.12/turn              v - ring of positive energy

@: lethally poisoned (0 -> -1)
A: retaliatory headbutt, horns 2
a: Renounce Religion, Heroism


You were on level 8 of the Dungeon.
You worshipped Okawaru.
Okawaru was most pleased with you.
You visited 2 branches of the dungeon, and saw 9 of its levels.

You collected 387 gold pieces.
You spent 219 gold pieces at shops.

Inventory:

Missiles
 e - 223 stones
 w - 29 poisoned darts (quivered)
 A - 45 sling bullets
 B - 5 boomerangs
 K - 3 javelins
 R - 2 atropa-tipped darts
Armour
 l - a +0 cloak (worn)
 n - a +1 hat (worn)
 D - a +0 buckler
 G - a +0 pair of boots (worn)
 N - +3 steam dragon scales (worn)
 O - a scarf of shadows
Jewellery
 a - a +6 ring of strength
 d - a +6 ring of strength (left hand)
 p - an uncursed ring of fire
 u - an uncursed ring of protection from fire {unknown}
 v - a ring of positive energy (right hand)
 x - an uncursed amulet of the acrobat
 C - an amulet of faith (around neck)
 Q - a cursed ring of teleportation {unknown}
 S - an uncursed ring of stealth {unknown}
Wands
 y - a wand of iceblast (10)
 E - a wand of acid (17)
Scrolls
 b - a scroll of summoning
 f - 3 scrolls of amnesia
 g - 2 scrolls of blinking {unknown}
 j - 3 scrolls of immolation
 r - 2 scrolls of fog {unknown}
 s - 2 scrolls of teleportation
 t - 2 scrolls of remove curse
 z - a scroll of identify
 P - 3 scrolls of vulnerability {unknown}
Potions
 c - 2 potions of mutation
 h - 2 potions of magic
 i - 3 potions of lignification
 k - a potion of invisibility
 o - 3 potions of curing
 q - a potion of attraction
 F - 2 potions of cancellation {unknown}
 H - 3 potions of ambrosia {unknown}
 I - a potion of berserk rage {unknown}
 J - 2 potions of flight {unknown}
 L - 2 potions of brilliance {unknown}
 M - a potion of might {unknown}


   Skills:
 + Level 6.3 Fighting
 + Level 2.7 Throwing
 + Level 5.6 Armour
 + Level 4.7 Dodging
 + Level 8.9 Unarmed Combat
 - Level 1.5 Spellcasting
 + Level 6.4 Transmutations
 - Level 2.0 Poison Magic
 + Level 3.0 Invocations


You had one spell level left.
You knew the following spells:

 Your Spells              Type           Power        Failure   Level
a - Beastly Appendage     Tmut           26%          2%          1
b - Wereblood             Tmut           13%          3%          2
c - Spider Form           Tmut/Pois      4%           19%         3
d - Blade Hands           Tmut           6%           54%         5

Your spell library contained the following spells:

 Spells                   Type           Power        Failure   Level
 Corona                   Hex            0%           32%         1
 Ensorcelled Hibernation  Hex/Ice        0%           45%         2
 Ice Form                 Ice/Tmut       7%           65%         4
 Confusing Touch          Hex            0%           69%         3
 Dazzling Flash           Conj/Hex       0%           69%         3
 Tukima's Dance           Hex            0%           69%         3


Dungeon Overview and Level Annotations

Branches:
Dungeon (8/15)             Temple (1/1) D:5
   Lair: D:8-11

Altars:
Ashenzari
Cheibriados
Dithmenos
Elyvilon
Gozag
Hepliaklqana
Kikubaaqudgha
Makhleb
Nemelex Xobeh
Okawaru
Qazlal
Ru
Sif Muna
Trog
Uskayaw
Vehumet
Wu Jian
Xom
Yredelemnul
Zin
The Shining One

Shops:
D:6 ?


Innate Abilities, Weirdness & Mutations

You reflexively headbutt those who attack you in melee.
You have a pair of horns on your head.


Message History

The jackal closely misses you. The adder completely misses you.
The black bear looks more healthy.
The black bear rages.
The adder misses you.
The worker ant waves its antennae.
The jackal misses you.
Your transformation has ended.
Your +0 cloak unmelds from your body.
Your +1 hat unmelds from your body.
Your +0 pair of boots unmelds from your body.
Your +3 steam dragon scales unmelds from your body.
You feel sick. The black bear bites you.
* * * LOW HITPOINT WARNING * * *
The black bear claws you.
* * * LOW HITPOINT WARNING * * *
The black bear completely misses you.
Okay, then.
You howl as the wereblood boils in your veins!
Your primal bloodlust has ended.
You feel sick. The black bear bites you!
You die...

########. ######........
#.....<.....# ...
...####@.##### ...!..
#######Sh## .....#
##......S## ......
........h#########......
#.)....hB..##..........
#......Z.hB............
#..<...................
......................h.
##......................


You could see a black bear (berserk), 2 adders, a bullfrog zombie and 2 jackals.

Vanquished Creatures
  Maggie (D:6)
  Joseph (D:8)
  A hornet (D:7)
  Eustachio (D:5)
  Edmund (D:5)
  Duvessa (D:4)
  An ice beast (D:8)
  5 ogres
  2 phantoms
  5 centaurs
  A big kobold (D:4)
  2 bullfrogs (D:7)
  2 scorpions (D:4)
  Dowan (D:5)
  3 killer bees (D:7)
  8 wights
  4 hounds
  3 orc priests
  8 orc wizards
  A bullfrog skeleton (D:7)
  Ijyb (D:3)
  2 iguanas
  3 worker ants
  2 killer bee zombies
  A hound zombie (D:5)
  2 hound skeletons
  A worker ant zombie (D:6)
  A gnoll (D:1)
  7 adders
  A shadow imp (D:5)
  2 white imps
  An ufetubus (D:7)
  2 adder skeletons
  A worm (D:2)
  2 dart slugs
  3 leopard geckos
  11 orcs
  6 bats
  10 giant cockroaches
  6 goblins
  9 hobgoblins
  9 jackals
  8 kobolds
  A quokka (D:2)
  3 ball pythons
  5 frilled lizards
  A jackal zombie (D:7)
  2 quokka skeletons
  8 rats
163 creatures vanquished.

Vanquished Creatures (others)
  A hound (D:5)
  2 plants
3 creatures vanquished.

Grand Total: 166 creatures vanquished

Notes
Turn   | Place    | Note
-------+----------+-------------------------------------------
     0 | D:1      | sankara the Minotaur Transmuter began the quest for the
                  | Orb.
     0 | D:1      | Reached XP level 1. HP: 16/16 MP: 1/1
    54 | D:1      | Reached XP level 2. HP: 15/23 MP: 1/3
   312 | D:1      | Learned a level 2 spell: Wereblood
   869 | D:1      | Reached XP level 3. HP: 27/28 MP: 2/4
  1213 | D:1      | Reached skill level 4 in Unarmed Combat
  2893 | D:3      | Noticed Ijyb
  2904 | D:3      | Killed Ijyb
  2905 | D:3      | Reached XP level 4. HP: 34/35 MP: 2/5
  2913 | D:3      | Learned a level 3 spell: Spider Form
  2972 | D:3      | Found an ornate altar of the Wu Jian Council.
  3739 | D:4      | Noticed a phantom
  3855 | D:4      | Noticed an ogre
  3894 | D:3      | Killed an ogre
  3895 | D:3      | Reached skill level 1 in Poison Magic
  3895 | D:3      | Reached XP level 5. HP: 30/40 MP: 2/6
  4008 | D:4      | Killed a phantom
  4009 | D:4      | Reached skill level 5 in Unarmed Combat
  4009 | D:4      | Reached XP level 6. HP: 38/47 MP: 1/7
  4109 | D:4      | Found a sparkling altar of Nemelex Xobeh.
  4562 | D:4      | Reached XP level 7. HP: 19/56 MP: 2/8
  5442 | D:5      | Entered Level 5 of the Dungeon
  5442 | D:5      | Noticed Duvessa
  5446 | D:5      | Noticed Dowan
  5449 | D:5      | Reached skill level 1 in Armour
  5457 | D:5      | Killed Dowan
  5460 | D:5      | Reached skill level 6 in Unarmed Combat
  5541 | D:4      | Killed Duvessa
  6124 | D:5      | Noticed Edmund
  6134 | D:5      | Killed Edmund
  6135 | D:5      | Reached XP level 8. HP: 49/67 MP: 4/9
  6418 | D:5      | Found a staircase to the Ecumenical Temple.
  6423 | D:5      | Noticed Eustachio
  6428 | Temple   | Entered the Ecumenical Temple
  6668 | Temple   | Became a worshipper of Warmaster Okawaru
  6713 | D:5      | Killed Eustachio
  7407 | D:5      | Reached skill level 5 in Fighting
  7407 | D:5      | Reached skill level 7 in Unarmed Combat
  7407 | D:5      | Reached skill level 5 in Transmutations
  7555 | D:5      | Found a white marble altar of Elyvilon.
  7777 | D:6      | Noticed Maggie
  7902 | D:6      | Killed Maggie
  7902 | D:6      | Reached * piety under Okawaru
  7903 | D:6      | Reached skill level 8 in Unarmed Combat
  8306 | D:6      | Found Horchu Notzon's Magic Scroll Boutique.
  8316 | D:6      | Bought a scroll of summoning for 104 gold pieces
  8316 | D:6      | Bought a scroll of enchant armour for 82 gold pieces
  8317 | D:6      | Bought a scroll of teleportation for 33 gold pieces
  8871 | D:6      | Reached ** piety under Okawaru
  8872 | D:6      | Reached XP level 9. HP: 74/74 MP: 6/10
  8897 | D:6      | Learned a level 5 spell: Blade Hands
  9016 | D:7      | Reached skill level 1 in Invocations
  9052 | D:6      | Reached skill level 1 in Throwing
 10048 | D:7      | Reached skill level 5 in Armour
 10257 | D:7      | Reached *** piety under Okawaru
 10481 | D:8      | Received a gift from Okawaru
 10512 | D:8      | Found a bloodstained altar of Trog.
 10553 | D:8      | Noticed Joseph
 10569 | D:8      | Killed Joseph
 10570 | D:8      | Reached XP level 10. HP: 17/84 MP: 5/11
 10582 | D:8      | Slain by a black bear

Illustrated notes

Levels and vault maps discovered:
D:1:      lemuel_arrival_rhombus, layout_loops_corners, serial_rivers,
          chequers_serial_rivers_micro_c, chequers_serial_rivers_large_a,
          chequers_serial_rivers_small_3, chequers_serial_rivers_room_b,
          st_stairs_10, kennysheep_small_spiral, corexii_corridor_pit,
          serial_bayou_pond_b, fountainhead
D:2:      layout_basic
D:3:      layout_basic, nzn_wu_jian_council_hall, uniq_ijyb
D:4:      layout_rooms, kennysheep_mini_moat, serial_bayou_crossing
D:5:      layout_loops_ring, minmay_temple_entry_wispy, elyvilon_altar_4,
          uniq_eustachio, uniq_edmund, uniq_duvessa
D:6:      layout_cave_pods, serial_shops, nicolae_shop_waterfront, uniq_maggie
D:7:      layout_cave_pools, kennysheep_generic_room_7
D:8:      layout_rooms, overflow_temple_1_default, overflow_temple_1_default,
          eino_jars, uniq_prince_ribbit1, uniq_maurice, uniq_joseph
Temple:   dpeg_five_rooms_temple

Skill      XL: |  1  2  3  4  5  6  7  8  9 |
---------------+----------------------------+-----
Transmutations | 2 3 4 5 6 |  6.4
Unarmed Combat | 4 5 6 8 |  8.9
Dodging        | 3 4 |  4.7
Poison Magic   | 1 2 |  2.0
Fighting       | 2 4 5 6 |  6.3
Armour         | 3 4 5 |  5.6
Invocations    | 3 |  3.0
Throwing       | 2 |  2.7
Spellcasting   | |  1.5

Action                   |  1- 3 |  4- 6 |  7- 9 | 10-12 || total
-------------------------+-------+-------+-------+-------++-------
Melee: Unarmed           |    91 |    64 |   291 |     1 ||   447
       Headbutt          |    15 |     6 |     8 |       ||    29
       Kick              |    23 |    11 |    15 |       ||    49
       Punch             |     1 |       |       |       ||     1
Throw: Dart              |       |     6 |     7 |       ||    13
 Cast: Beastly Appendage |    28 |    15 |    10 |       ||    53
       Wereblood         |     4 |     4 |    10 |       ||    18
       Spider Form       |       |     3 |    38 |       ||    41
Invok: Heroism           |       |       |     9 |       ||     9
Evoke: Wand              |       |     2 |       |       ||     2
  Use: Scroll            |       |       |    18 |       ||    18
       Potion            |       |       |     1 |     1 ||     2
 Stab: Sleeping          |     1 |       |       |       ||     1
Armor: Robe              |    15 |     3 |       |       ||    18
       Skin              |       |     3 |    16 |       ||    19
       Leather armour    |       |       |     8 |       ||     8
       Steam dragon scal |       |       |    13 |       ||    13
Dodge: Dodged            |    48 |    35 |   321 |    25 ||   429
